 Seeded DCSS version 0.29.1-15-g9cfb28693d (webtiles) character file.

Game seed: 5438900976079336338 (custom seed)

22 Psyclone the Stinger (level 2, 15/15 HPs)
             Began as a Deep Elf Venom Mage on Sept 26, 2023.
             Quit the game on level 2 of the Dungeon.
             The game lasted 00:02:53 (1501 turns).

Psyclone the Stinger (Deep Elf Venom Mage)          Turns: 1501, Time: 00:02:54

Health: 15/15      AC:  2    Str:  5    XL:     2   Next: 68%
Magic:  8/8        EV: 12    Int: 19    God:
Gold:   112        SH:  0    Dex: 15    Spells: 4/7 levels left

rFire   + . .      SeeInvis .   e - staff of fire
rCold   . . .      Faith    .   (no shield)
rNeg    . . .      Spirit   .   a - +0 robe
rPois   .          Reflect  .   (no helmet)
rElec   .          Harm     .   (no cloak)
rCorr   .          Rampage  .   (no gloves)
Will    .....                   (no boots)
Stlth   ++........              (no amulet)
HPRegen 0.05/turn               (no ring)
MPRegen 0.11/turn               (no ring)

@: no status effects
A: no striking features
a: no special abilities


You were on level 2 of the Dungeon.
You visited 1 branch of the dungeon, and saw 2 of its levels.

You collected 112 gold pieces.

Inventory:

Hand Weapons
 h - a +0 dagger
Armour
 a - a +0 robe (worn)
Magical Staves
 e - a staff of fire (weapon)
Jewellery
 m - a ring of see invisible
Scrolls
 c - a scroll of amnesia {unknown}
 d - a scroll of enchant armour {unknown}
 f - a scroll of brand weapon {unknown}
 i - a scroll of immolation {unknown}
 j - 2 scrolls of teleportation {unknown}
 k - a scroll of noise {unknown}
Potions
 b - a potion of magic
 g - a potion of berserk rage {unknown}
 l - a potion of flight {unknown}


   Skills:
 - Level 2.4 Dodging
 - Level 2.4 Stealth
 - Level 3.0 Spellcasting
 - Level 1.1 Transmutations
 + Level 4.4 Poison Magic


You had 4 spell levels left.
You knew the following spells:

 Your Spells              Type           Power      Damage    Failure   Level
a - Poisonous Vapours     Pois/Air       22%        N/A       10%         2
v - Sting                 Tmut/Pois      52%        1d5       4%          1

Your spell library contained the following spells:

 Spells                   Type           Power      Damage    Failure   Level
 Olgreb's Toxic Radiance  Pois           19%        N/A       24%         4
 Mephitic Cloud           Conj/Pois/Air  8%         N/A       26%         3


Dungeon Overview and Level Annotations

Branches:
Dungeon (2/15) Zot: 10498

Altars:


Message History

Poisonous vapours surround the ball python!
The ball python looks even sicker.
The ball python closely misses you. The ball python grabs you.
The ball python constricts you. The ball python closely misses you.
The ball python constricts you.
You take 2 damage, and have 13/15 hp.
You now have 4/8 mp.
The ball python's grasp on you weakens, but your attempt to escape fails.
The ball python bites you. The ball python constricts you.
You take 3 damage, and have 10/15 hp.
You escape the ball python's grasp.
The ball python barely misses you. x2
The ball python attacks as you move away!
The ball python bites you. The ball python closely misses you.
You take 1 damage, and have 9/15 hp.
A giant cockroach comes into view.
You kill the ball python!
Casting: Poisonous Vapours (safe; 10% risk of failure)
Confirm with . or Enter, or press ? or * to list all spells.
Aiming: Poisonous Vapours (safe; 10% risk of failure)
Press: ? - help, Dir - move target, f - giant cockroach
Aim: a giant cockroach (asleep) Poisonous vapours surround the giant cockroach!
The giant cockroach is poisoned.
You now have 3/8 mp.
Casting: Poisonous Vapours (safe; 10% risk of failure)
Confirm with . or Enter, or press ? or * to list all spells.
Aiming: Poisonous Vapours (safe; 10% risk of failure)
Press: ? - help, Dir - move target, f/p - giant cockroach
Aim: a giant cockroach (moderately wounded, poisoned) Poisonous vapours surround the giant cockroach!
The giant cockroach looks even sicker.
You kill the giant cockroach!
You now have 1/8 mp.
You start resting.
Magic restored.
You regained 3 hp, and now have 13/15 hp.
MP restored: 8 You start resting.
HP restored.
Health restored: 15 Are you sure you want to abandon this character and quit the game? (Confirm with "yes".)

.#....# #.####.####.#
.#....###...........#
.#..#......###.######
.#..#...............#
##..######)###.####.#
....#........[...##'#####.
###.#+####.###.#..........#
...............#......##..#
.###......###..#@.....# .#
#......# #..#.##+#.... .#
#......# ##.#.# ###.# .#
#......# .#.# # .# #......#
.#.# .# #......# .#.# .#
##+##### .#.# .### .#.#
...# #..


There were no monsters in sight!

Vanquished Creatures
  2 bats (D:2)
  An endoplasm (D:1)
  A giant cockroach (D:2)
  2 hobgoblins (D:1)
  2 ball pythons (D:2)
  4 goblins
  7 kobolds
19 creatures vanquished.

Notes
Turn   | Place    | Note
-------+----------+-------------------------------------------
     0 | D:1      | Psyclone the Deep Elf Venom Mage began the quest for the
                  | Orb.
     0 | D:1      | Reached XP level 1. HP: 10/10 MP: 6/6
   512 | D:1      | Reached XP level 2. HP: 15/15 MP: 4/8
   640 | D:1      | Found a faded altar of an unknown god.
   676 | D:1      | Reached skill level 4 in Poison Magic
   905 | D:1      | Learned a level 2 spell: Poisonous Vapours
  1501 | D:2      | Quit the game

Illustrated notes

Levels and vault maps discovered:
D:1:      kennysheep_arrival_forest, layout_loops_ring,
          dilly_ecumenical_altar_fadedgnrine
D:2:      layout_basic, serial_park_tiny_1, uniq_natasha

Skill      XL: |  1  2 |
---------------+-------+-----
Poison Magic   | 4 |  4.4
Dodging        | |  2.4
Stealth        | |  2.4
Spellcasting   | |  3.0
Transmutations | |  1.1

Action                   || total
-------------------------++-------
Melee: Staff             ||     8
 Cast: Sting             ||    16
       Poisonous Vapours ||    16
Armor: Robe              ||     2
Dodge: Dodged            ||    15
